 Dungeon Crawl Stone Soup version 0.13-a0-2318-gf5ad1f9 (webtiles) character file.

541 Murumi the Cleaver (level 6, -4/52 HPs)
             Began as a Minotaur Fighter on July 10, 2013.
             Killed from afar by Lekart's ghost (18 damage)
             ... with a blast of negative energy
             ... on Level 4 of the Dungeon.
             The game lasted 00:14:08 (3463 turns).

Murumi the Cleaver (Minotaur Fighter)               Turns: 3463, Time: 00:14:08

HP  -4/52        AC  6     Str 21      XL: 6   Next: 76%
MP   2/2         EV  9     Int  7      God:
Gold 86          SH  0     Dex  9      Spells:  0 memorised,  5 levels left

Res.Fire  : . . .   See Invis. : .   o - +0 orc hand axe
Res.Cold  : . . .   Warding    : .   b - +0 scale mail
Life Prot.: . . .   Conserve   : .   (no shield)
Res.Poison: .       Res.Corr.  : .   (helmet restricted)
Res.Elec. : .       Clarity    : .   (no cloak)
Sust.Abil.: . .     Spirit.Shd : .   (no gloves)
Res.Mut.  : .       Stasis     : .   (no boots)
Res.Rott. : .       Flight     : .   (no amulet)
Saprovore : . . .                    (no ring)
                                     (no ring)

@: very slightly contaminated, hasted, drained, very quick, slightly resistant
to hostile enchantments, extremely unstealthy
A: retaliatory headbutt, horns 2
a: no special abilities


You were on level 4 of the Dungeon.
You were not hungry.

You visited 1 branch of the dungeon, and saw 4 of its levels.

You collected 66 gold pieces.

Inventory:

Hand weapons
 a - a +0,-3 hand axe (quivered)
 o - a +0,+0 orcish hand axe (weapon)
 p - a +1,+1 dwarven war axe of freezing
Armour
 b - a +0 scale mail (worn)
Comestibles
 d - 3 bread rations
 f - an apple
 k - a choko
Scrolls
 e - a scroll of identify
 h - a scroll of fog
 i - a scroll of recharging {Recharge., unknown}
Jewellery
 n - an uncursed ring of ice
Potions
 c - a potion of confusion {unknown}
 j - a potion of curing
 l - a potion of invisibility
 m - a potion of slowing {unknown}


   Skills:
 - Level 3.6(2.5) Fighting
 + Level 8.9(7.6) Axes
 - Level 3.6(2.5) Armour
   Level 3.6(2.5) Shields


You had 5 spell levels left.
You didn't know any spells.

Dungeon Overview and Level Annotations

Branches:
Dungeon (4/27)
 Temple: D:4-7

Altars:
Elyvilon
Jiyva

Annotations
D:4 Lekart's ghost, experienced DrCK


Innate Abilities, Weirdness & Mutations

You reflexively headbutt those who attack you in melee.
You have a pair of horns on your head.


Message History

You hit Lekart's ghost but do no damage.
You headbutt Lekart's ghost, but do no damage.
Lekart's ghost is lightly damaged.
Lekart's ghost breathes negative energy at you.
The blast of negative energy hits you!
You feel drained.
* * * LOW HITPOINT WARNING * * *
Drink which item? (? for menu, Esc to quit)
You feel better.
You hit Lekart's ghost but do no damage.
You headbutt Lekart's ghost, but do no damage.
Lekart's ghost is lightly damaged.
Lekart's ghost hits you.
* * * LOW HITPOINT WARNING * * *
Lekart's ghost burns you.
* * * LOW HITPOINT WARNING * * *
You barely miss Lekart's ghost.
Lekart's ghost is lightly damaged.
Lekart's ghost breathes negative energy at you.
The blast of negative energy hits you!
You feel drained.
You die...

#..
############..#########
.......................
#....................<.
#.....................#
#.....................#
#...................<.#
#......)......p.......#
#.....<.......@.......#
#...............)####.#
#................# ##
.................##
.................#
................#
...............?
............... .......
...


You could see Lekart's ghost.

Vanquished Creatures
  A wyvern (D:3)
  An ogre (D:3)
  Jessica (D:2)
  4 jellies (D:3)
  7 adders
  A giant mite (D:3)
  3 worms
  4 giant geckos
  2 oozes (D:2)
  2 orcs (D:3)
  2 giant cockroaches
  9 goblins
  7 hobgoblins
  10 jackals
  4 quokkas
  A ball python (D:1)
  10 bats
  3 giant newts
  8 kobolds
  6 rats
86 creatures vanquished.

Vanquished Creatures (others)
  A ball python (D:1)
  A goblin (D:2)
  A rat (D:2)
3 creatures vanquished.

Grand Total: 89 creatures vanquished

Notes
Turn   | Place    | Note
--------------------------------------------------------------
     0 | D:1      | Murumi, the Minotaur Fighter, began the quest for the Orb.
     0 | D:1      | Reached XP level 1. HP: 19/19 MP: 0/0
   131 | D:1      | Reached XP level 2. HP: 23/26 MP: 0/0
   238 | D:1      | Reached skill level 4 in Axes
   474 | D:1      | Reached XP level 3. HP: 33/33 MP: 1/1
   763 | D:2      | Noticed Jessica
   769 | D:2      | Killed Jessica
   812 | D:2      | Reached skill level 5 in Axes
  1003 | D:2      | Reached XP level 4. HP: 39/39 MP: 1/1
  1604 | D:3      | Reached skill level 6 in Axes
  2001 | D:3      | Found a white marble altar of Elyvilon.
  2073 | D:3      | Reached XP level 5. HP: 42/46 MP: 1/1
  2078 | D:3      | Found a viscous altar of Jiyva.
  2563 | D:3      | Reached skill level 7 in Axes
  2911 | D:3      | Noticed a wyvern
  2919 | D:3      | Killed a wyvern
  2919 | D:3      | Reached skill level 8 in Axes
  2919 | D:3      | Reached XP level 6. HP: 44/52 MP: 2/2
  3076 | D:3      | Noticed an ogre
  3322 | D:3      | Killed an ogre
  3383 | D:4      | Noticed Lekart's ghost (experienced DrCK)
  3463 | D:4      | Killed from afar by Lekart's ghost

Action                   |  1- 3 |  4- 6 || total
-------------------------+-------+-------++-------
Melee: Hand axe          |    86 |   176 ||   262
  Use: Scroll            |       |    12 ||    12
       Potion            |       |     2 ||     2
